 Dungeon Crawl Stone Soup version 0.29.1-1-gd02db6906a (webtiles) character file.

Game seed: 2394665993210782201

109 Descartes the Ducker (level 4, -2/19 HPs)
             Began as a Felid Transmuter on Oct 16, 2022.
             Slain by a black bear (7 damage)
             ... on level 4 of the Dungeon.
             The game lasted 00:05:57 (5483 turns).

Descartes the Ducker (Felid Transmuter)             Turns: 5483, Time: 00:05:58

Health: -2/19      AC:  1    Str:  8    XL:     4   Next: 60%
Magic:  8/8        EV: 19    Int: 15    God:
Gold:   194        SH:  0    Dex: 16    Spells: 1/7 levels left
                                        Lives:  0   Deaths: 1

rFire   . . .      SeeInvis +     - Unarmed
rCold   . . .      Faith    .   (shield unavailable)
rNeg    . . .      Spirit   .   (body armour unavailable)
rPois   +          Reflect  .   (helmet unavailable)
rElec   .          Harm     .   (cloak unavailable)
rCorr   .          Rampage  .   (gloves unavailable)
Will    .....                   (boots unavailable)
Stlth   +.........              (no amulet)
HPRegen 0.06/turn               e - ring of poison resistance
MPRegen 0.11/turn               (no ring)

@: quick
A: very small, claws 1, fangs 3, see invisible, speed 1, shaggy fur 1, stealthy
paws, no weapons or thrown items, no armour, multi-lived
a: no special abilities


You were on level 4 of the Dungeon.
You visited 1 branch of the dungeon, and saw 4 of its levels.

You collected 194 gold pieces.

Inventory:

Jewellery
 e - a ring of poison resistance (left paw)
Wands
 h - a wand of iceblast (13)
Scrolls
 b - a scroll of noise {unknown}
 d - 5 scrolls of identify {unknown}
 g - 2 scrolls of magic mapping {unknown}
 k - a scroll of immolation {unknown}
 n - a scroll of poison {unknown}
 p - a scroll of silence {unknown}
 q - a scroll of fog {unknown}
 r - a scroll of enchant weapon {unknown}
Potions
 a - 2 potions of magic {unknown}
 c - a potion of brilliance
 f - 2 potions of mutation {unknown}
 i - a potion of degeneration {unknown}
 j - a potion of flight {unknown}
 l - a potion of curing
 m - a potion of invisibility {unknown}
 o - a potion of might {unknown}


   Skills:
 - Level 1.0 Fighting
 + Level 4.7 Dodging
 + Level 4.3 Unarmed Combat
 - Level 2.0 Spellcasting
 + Level 3.9 Transmutations


You had one spell level left.
You knew the following spells:

 Your Spells              Type           Power      Damage    Failure   Level
a - Beastly Appendage     Tmut           26%        N/A       4%          1
b - Wereblood             Tmut           13%        N/A       7%          2
c - Ignite Poison         Fire/Tmut/Pois 5%         N/A       36%         3

Your spell library contained the following spells:

 Spells                   Type           Power      Damage    Failure   Level
 Spider Form              Tmut/Pois      7%         N/A       30%         3
 Mephitic Cloud           Conj/Pois/Air  1%         N/A       54%         3
 Ice Form                 Ice/Tmut       7%         N/A       69%         4
 Freezing Cloud           Conj/Ice/Air   0%         6-21      99%         5


Dungeon Overview and Level Annotations

Branches:
Dungeon (4/15)
 Temple: D:4-7

Altars:
Elyvilon
Kikubaaqudgha
Trog
Zin
The Shining One

Shops:
D:4 **

Annotations:
D:3 1 runed translucent door, Crazy Yiuf


Innate Abilities, Weirdness & Mutations

You have sharp claws.
You have razor-sharp teeth.
You have supernaturally acute eyesight. (SInv)
You cover ground quickly. (Speed+)
You are covered in fur. (AC +1)
Your paws help you pounce on unaware monsters.
You are incapable of wielding weapons or throwing items.
You cannot wear armour.
You gain extra lives every three experience levels.


Message History

You claw the black bear! You bite the black bear.
The black bear is heavily wounded.
The black bear completely misses you. The black bear misses you. x2
You scratch the black bear. You bite the black bear.
The black bear is heavily wounded.
The black bear closely misses you. The black bear claws you.
The black bear closely misses you.
You are too injured to fight recklessly!
You are too injured to fight recklessly!
You barely miss the black bear.
The black bear is heavily wounded.
The black bear barely misses you. The black bear completely misses you.
The black bear misses you.
You scratch the black bear.
The black bear is heavily wounded.
The black bear completely misses you. x2; The black bear closely misses you.
You scratch the black bear but do no damage.
You bite the black bear.
The black bear is severely wounded.
The black bear bites you. The black bear completely misses you.
The black bear misses you.
You scratch the black bear but do no damage.
The black bear is severely wounded.
The black bear goes berserk!
You scratch the black bear.
The black bear is almost dead.
The black bear misses you. The black bear completely misses you.
The black bear barely misses you.
You scratch the black bear.
The black bear is almost dead.
The black bear bites you.
* * * LOW HITPOINT WARNING * * *
The black bear completely misses you. The black bear barely misses you.
You scratch the black bear but do no damage.
You claw the black bear, but do no damage.
The black bear is almost dead.
The black bear barely misses you. The black bear completely misses you.
The black bear claws you but does no damage.
The black bear bites you!
You die...

#.# #.###### #.# #.#.....
#.### #.#.#### #...# #.#.#
###.# ###.#.#
########.#######l#.#.#
#....................#
#.######.#######.#.### #.#
#@# ###.# ### #.# #h# #.#
#.. #.# #l# #######.####.#
#.# #.# #..........#.# #.#
#.###...###.##.#.# ##.##
#.......# #.##.#.#
##...#########...# #.##.#.#
#.........# #...# #..#.#.#
#....####.####.#.####.#.#.#


You could see a black bear (berserk) and an iguana.

Vanquished Creatures
  An orc priest (D:3)
  An iguana (D:4)
  5 adders
  A worm (D:3)
  2 dart slugs
  7 orcs
  6 ball pythons
  5 bats
  3 endoplasms
  3 giant cockroaches
  10 hobgoblins
  4 jackals (D:2)
  3 quokkas
  A frilled lizard (D:3)
  6 goblins
  4 kobolds
  A rat (D:1)
63 creatures vanquished.

Notes
Turn   | Place    | Note
-------+----------+-------------------------------------------
     0 | D:1      | Descartes the Felid Transmuter began the quest for the Orb.
     0 | D:1      | Reached XP level 1. HP: 9/9 MP: 4/4
   246 | D:1      | Reached XP level 2. HP: 6/12 MP: 6/6
   525 | D:1      | Noticed a shining eye
   633 | D:1      | Noticed a floating eye
   635 | D:1      | Found a faded altar of an unknown god.
   987 | D:1      | Noticed a shining eye
   993 | D:1      | Noticed a great orb of eyes
  1408 | D:2      | Reached XP level 3. HP: 2/15 MP: 7/7
  2392 | D:2      | Reached XP level 4. HP: 8/19 MP: 8/8
  3301 | D:3      | Reached XP level 5. HP: 20/22 MP: 9/9
  3367 | D:3      | Found a runed translucent door.
  3368 | D:3      | Noticed Crazy Yiuf
  3657 | D:3      | Found a glowing golden altar of the Shining One.
  3657 | D:3      | Found a white marble altar of Elyvilon.
  3657 | D:3      | Found a glowing silver altar of Zin.
  3763 | D:4      | Learned a level 2 spell: Wereblood
  3767 | D:4      | Learned a level 3 spell: Ignite Poison
  3828 | D:4      | Found Yffacs's General Store.
  3829 | D:4      | Found Lidoany's Specific Store.
  3858 | D:4      | Mangled by an iguana
  3859 | D:4      | Reached XP level 4. HP: -7/19 MP: 8/8
  4131 | D:4      | Found an ancient bone altar of Kikubaaqudgha.
  4218 | D:4      | Found a bloodstained altar of Trog.
  5163 | D:4      | Noticed a black bear
  5483 | D:4      | Slain by a black bear

Illustrated notes

Levels and vault maps discovered:
D:1:      shiori_arrival_maze, layout_loops_ring,
          hellmonk_ecumenical_altar_watching_god
D:2:      layout_basic
D:3:      layout_rooms, good_gods_mini_temple, minivault_23,
          kennysheep_another_room, uniq_crazy_yiuf_cottage
D:4:      black_bear_nest_1, layout_loops_ring, trog_three_pillars_becter,
          mainiacjoe_overflow_cross_hatched, nicolae_specific_store,
          fountainhead

Skill      XL: |  1  2  3  4 |
---------------+-------------+-----
Dodging        | 3 4 |  4.7
Transmutations | 3 |  3.9
Unarmed Combat | 4 |  4.3
Fighting       | |  1.0
Spellcasting   | |  2.0

Action                   |  1- 3 |  4- 6 || total
-------------------------+-------+-------++-------
Melee: Unarmed           |   100 |   128 ||   228
       Bite              |     9 |    12 ||    21
       Punch             |     2 |     4 ||     6
  Use: Potion            |     3 |       ||     3
 Stab: Sleeping          |     3 |     2 ||     5
Armor: Skin              |    17 |     3 ||    20
Dodge: Dodged            |    91 |   122 ||   213
